 Dungeon Crawl Stone Soup version 0.27-a0-972-gd1521fd518 (webtiles) character file.

Game seed: 17092677189733640014

26824 Froggeryz the Earth Mage (level 13, -1/122 HPs)
             Began as an Ogre Wanderer on Apr 13, 2021.
             Was a High Priest of Zin.
             Slain by a polar bear (9 damage)
             ... while paralysed
             ... in an ice cave.
             The game lasted 00:41:42 (21601 turns).

Froggeryz the Earth Mage (Ogre Wanderer)           Turns: 21601, Time: 00:41:43

Health: -1/122     AC:  9    Str: 22    XL:     13   Next: 28%
Magic:  2/19       EV:  1    Int: 17    God:    Zin [*****.]
Gold:   706        SH:  0    Dex:  5    Spells: 11/20 levels left

rFire    + + .     SeeInvis .   s - staff of earth
rCold    + + .     Faith    .   (no shield)
rNeg     + . .     Spirit   .   w - +2 robe {rN+}
rPois    +         Reflect  .   g - +0 hat
rElec    +         Harm     .   y - scarf {rC+ rF+}
rCorr    +         Rampage  .   (gloves unavailable)
Will     ++...                  (boots unavailable)
Stlth    +.........             (no amulet)
HPRegen  0.30/turn              i - +4 ring of protection
MPRegen  0.16/turn              K - ring of willpower

@: paralysed, resistant, on berserk cooldown, slowed
A: large, unfitting armour, tough skin 1
a: Renounce Religion, Recite, Vitalisation, Imprison, Sanctuary, Donate Gold


You were in an ice cave.
You worshipped Zin.
Zin was extremely pleased with you.
You visited 3 branches of the dungeon, and saw 14 of its levels.
You also visited: Sewer and Ice Cave.

You collected 836 gold pieces.
You spent 52 gold pieces at shops.
You donated 78 gold pieces to Zin.

Inventory:

Hand Weapons
 b - a +1 spectral long sword
Missiles
 h - 83 poisoned darts
 k - 98 stones (quivered)
 v - 5 curare-tipped darts
Armour
 g - a +0 hat (worn)
 w - a +2 robe of positive energy (worn)
 y - a scarf of resistance (worn)
Magical Staves
 s - a staff of earth (weapon)
Jewellery
 i - a +4 ring of protection (left hand)
 j - a ring of see invisible
 D - a +4 ring of protection
 K - a ring of willpower (right hand)
Wands
 c - a wand of flame (32)
 n - a wand of acid (5)
 u - a wand of iceblast (16)
 x - a wand of digging (6)
Scrolls
 e - 4 scrolls of enchant weapon
 f - 3 scrolls of teleportation
 o - 6 scrolls of magic mapping
 q - 2 scrolls of immolation
 r - a scroll of holy word
 z - 3 scrolls of noise
 F - a scroll of fear
 G - 2 scrolls of fog
 I - a scroll of amnesia
 J - a scroll of enchant armour
Potions
 a - 3 potions of might
 d - 3 potions of brilliance
 l - a potion of magic
 m - 4 potions of curing
 p - 4 potions of mutation {unknown}
 t - 2 potions of haste
 A - 3 potions of flight
 B - a potion of attraction
 C - a potion of ambrosia
Miscellaneous
 H - a phantom mirror


   Skills:
 + Level 6.5 Fighting
 - Level 2.0 Axes
 + Level 7.6 Staves
 - Level 1.0 Throwing
 - Level 1.0 Dodging
 - Level 1.0 Stealth
 - Level 4.0 Spellcasting
 - Level 8.1 Conjurations
 - Level 15.0 Earth Magic
 - Level 5.0 Evocations


You had 11 spell levels left.
You knew the following spells:

 Your Spells              Type           Power      Damage    Failure   Level
a - Sandblast             Erth           100%       2d20      1%          1
b - Stone Arrow           Conj/Erth      100%       3d13      1%          3
c - Lee's Rapid Deconstr  Erth           34%        3d18*     1%          5

Your spell library contained the following spells:

 Spells                   Type           Power      Damage    Failure   Level
 Passwall                 Tmut/Erth      35%        N/A       1%          2
 Petrify                  Tmut/Erth      43%        N/A       7%          4
 Dazzling Flash           Conj/Hex       34%        N/A       9%          3
 Animate Skeleton         Necr           6%         N/A       16%         1
 Apportation              Tloc           6%         N/A       16%         1
 Corona                   Hex            3%         N/A       16%         1
 Summon Small Mammal      Summ           12%        N/A       16%         1
 Ensorcelled Hibernation  Hex/Ice        6%         N/A       24%         2
 Confusing Touch          Hex            3%         N/A       43%         3
 Tukima's Dance           Hex            3%         N/A       43%         3


Dungeon Overview and Level Annotations

Branches:
Dungeon (8/15)             Temple (1/1) D:5            Lair (5/6) D:8
 Shoals (0/4) Lair:2       Spider (0/4) Lair:4        Sewer (visited)
  IceCv (1/1)
  Slime: Lair:5-6

Altars:
Ashenzari
Dithmenos
Elyvilon
Fedhas
Gozag
Hepliaklqana
Kikubaaqudgha
Makhleb
Nemelex Xobeh
Okawaru
Qazlal
Ru
Sif Muna
Trog
Uskayaw
Vehumet
Wu Jian
Xom
Yredelemnul
Zin
The Shining One

Shops:
D:1 [   D:2 :   D:4 [

Annotations:
Lair:3 1 runed translucent door, Froggeryz's ghost, journeyman DsIE
Lair:5 3 runed translucent doors, Berchol's ghost, journeyman DgCj


Innate Abilities, Weirdness & Mutations

You are too large for most types of armour.
You have tough skin. (AC +1)


Message History

Things that are here:
a +0 battleaxe of freezing; a frost giant corpse You hit the yak.
You shatter the yak.
You kill the yak!
The polar bear bites you!
* * * LOW HITPOINT WARNING * * *
The polar bear claws you but does no damage.
The polar bear barely misses you. The yak gores you but does no damage.
You hit the yak.
The yak is heavily wounded.
You hit the yak.
You shatter the yak!
The yak is severely wounded.
The polar bear bites you!
* * * LOW HITPOINT WARNING * * *
The polar bear claws you but does no damage. x2
The yak gores you but does no damage.
You closely miss the yak.
The yak is severely wounded.
The polar bear bites you.
* * * LOW HITPOINT WARNING * * *
The polar bear claws you but does no damage.
The polar bear barely misses you. The yak gores you!
* * * LOW HITPOINT WARNING * * *
You hit the yak!
The yak is almost dead.
You hit the yak.
The yak is almost dead.
The polar bear bites you.
* * * LOW HITPOINT WARNING * * *
The polar bear claws you.
* * * LOW HITPOINT WARNING * * *
The polar bear claws you but does no damage.
The yak gores you but does no damage.
You hit the yak.
You shatter the yak!!
You kill the yak!
You are no longer berserk.
You pass out from exhaustion.
You feel yourself slow down. The polar bear bites you!
You die... ##≈≈# .###..h. ≈≈≈# .... ..C. ≈≈≈##.. .h.# # #≈≈#.# hY.

###≈≈≈≈#
..##
.#..≈≈≈#
..#
..#.#≈≈≈#
##†#
##.##
≈≈≈# #†h#
### ≈≈#
##@## ≈#
#..# ≈#
##..# #
#..##
#.## #..#
#..##
##..# #
#..#


You could see a polar bear.

Vanquished Creatures
  A frost giant (IceCv)
  A boulder beetle (D:8)
  4 hydras
  Pikel (D:5)
  An oklob plant (Lair:4)
  An ice statue (IceCv)
  3 black mambas
  4 cane toads
  8 komodo dragons
  2 rime drakes (Lair:3)
  A merfolk (Lair:2)
  14 polar bears
  Grinder (D:5)
  14 blink frogs
  Sigmund (D:2)
  A redback (Lair:4)
  A wyvern (D:7)
  25 yaks
  A steam dragon (D:8)
  3 basilisks (Lair:3)
  Menkaure (D:5)
  Edmund (D:4)
  9 water moccasins
  Duvessa (D:5)
  An ice beast (Lair:5)
  2 black bears
  2 sky beasts
  A necrophage (D:5)
  An ogre (D:7)
  3 centaurs
  19 wolves
  4 lemures (D:5)
  3 kobold brigands
  12 bullfrogs
  A scorpion (D:6)
  Blork the orc (D:5)
  Dowan (D:5)
  A jelly (D:5)
  A howler monkey (D:4)
  2 electric eels
  A centaur zombie (D:6)
  2 hounds
  4 orc priests
  2 bullfrog skeletons
  An iguana (D:5)
  5 orc wizards
  Ijyb (D:5)
  3 gnolls
  3 river rats (Sewer)
  13 adders
  A white imp (D:7)
  An ufetubus (D:4)
  2 adder skeletons (D:4)
  3 worms
  3 dart slugs
  32 orcs
  3 endoplasms
  A giant cockroach (D:2)
  5 goblins
  5 hobgoblins
  8 jackals
  9 kobolds
  A quokka (D:2)
  12 ball pythons
  2 bats
  5 frilled lizards
  30 rats
313 creatures vanquished.

Vanquished Creatures (collateral kills)
  A wyvern (Lair:5)
  7 ice beasts (Lair:5)
8 creatures vanquished.

Vanquished Creatures (others)
  A bush (Lair:3)
  15 fungi
  17 plants
33 creatures vanquished.

Grand Total: 354 creatures vanquished

Notes
Turn   | Place    | Note
-------+----------+-------------------------------------------
     0 | D:1      | Froggeryz the Ogre Wanderer began the quest for the Orb.
     0 | D:1      | Froggeryz set off with the following items: a +0 hand axe,
                  | a +0 robe; and the following spell memorised: Sandblast;
                  | and the following spells available to memorise: Passwall,
                  | Stone Arrow, Petrify, Lee's Rapid Deconstruction
     0 | D:1      | Reached XP level 1. HP: 22/22 MP: 1/1
    74 | D:1      | Reached skill level 3 in Earth Magic
   204 | D:1      | Reached XP level 2. HP: 21/29 MP: 1/3
   329 | D:1      | Found Muys's Armour Boutique.
   347 | D:1      | Bought a +0 hat for 52 gold pieces
   576 | D:1      | Reached skill level 1 in Spellcasting
  1036 | D:2      | Reached XP level 3. HP: 35/36 MP: 0/5
  1674 | D:2      | Found Quiteap's Book Emporium.
  1799 | D:2      | Reached XP level 4. HP: 44/44 MP: 2/7
  1880 | D:2      | Found a faded altar of an unknown god.
  1895 | D:2      | Reached skill level 4 in Earth Magic
  2095 | D:2      | Noticed Sigmund
  2117 | D:2      | Killed Sigmund
  2118 | D:2      | Reached skill level 5 in Earth Magic
  2118 | D:2      | Reached XP level 5. HP: 24/50 MP: 0/9
  2118 | D:2      | Reached XP level 6. HP: 28/59 MP: 0/10
  3527 | D:3      | Found a glowing drain.
  3556 | Sewer    | Entered a sewer
  3662 | Sewer    | Learned a level 3 spell: Stone Arrow
  4102 | Sewer    | Reached XP level 7. HP: 66/66 MP: 10/13
  4106 | Sewer    | Reached skill level 1 in Conjurations
  4106 | Sewer    | Reached skill level 6 in Earth Magic
  5207 | D:4      | Found Itaodwuc's Armour Shoppe.
  6137 | D:5      | Entered Level 5 of the Dungeon
  6158 | D:5      | Noticed Menkaure
  6168 | D:5      | Killed Menkaure
  6169 | D:5      | Reached skill level 7 in Earth Magic
  6169 | D:5      | Reached XP level 8. HP: 23/74 MP: 8/14
  6399 | D:5      | Found a staircase to the Ecumenical Temple.
  6492 | Temple   | Entered the Ecumenical Temple
  6573 | Temple   | Became a worshipper of Zin the Law-Giver
  6573 | Temple   | Reached * piety under Zin
  6726 | D:5      | Found an ancient bone altar of Kikubaaqudgha.
  7123 | D:5      | Noticed Ijyb
  7135 | D:5      | Killed Ijyb
  7212 | D:5      | Noticed Pikel
  7212 | D:5      | Noticed Edmund
  7290 | D:4      | Killed Edmund
  7542 | D:5      | Noticed Blork the orc
  7547 | D:5      | Killed Blork the orc
  7610 | D:5      | Noticed Grinder
  7614 | D:5      | Killed Grinder
  7615 | D:5      | Reached skill level 8 in Earth Magic
  7998 | D:5      | Killed Pikel
  7999 | D:5      | Reached skill level 9 in Earth Magic
  7999 | D:5      | Reached XP level 9. HP: 80/80 MP: 2/15
  8169 | D:5      | Noticed Duvessa
  8169 | D:5      | Noticed Dowan
  8173 | D:5      | Killed Duvessa
  8176 | D:5      | Killed Dowan
  8440 | D:6      | Reached skill level 5 in Conjurations
  8582 | D:6      | Reached skill level 10 in Earth Magic
  9450 | D:6      | Reached skill level 1 in Staves
  9454 | D:6      | Reached skill level 1 in Evocations
  9775 | D:6      | Reached ** piety under Zin
 10002 | D:6      | Reached XP level 10. HP: 83/88 MP: 9/16
 10480 | D:7      | Found a sacrificial altar of Ru.
 11489 | D:8      | Reached *** piety under Zin
 11755 | D:8      | Found a staircase to the Lair.
 11816 | D:8      | Learned a level 5 spell: Lee's Rapid Deconstruction
 11853 | D:8      | Noticed a boulder beetle
 11871 | D:8      | Zin protects you from harm!
 12229 | D:8      | Killed a boulder beetle
 12451 | D:8      | Found a stormy altar of Qazlal.
 12491 | D:8      | Found a sparkling altar of Nemelex Xobeh.
 12491 | D:8      | Found a glowing golden altar of the Shining One.
 12491 | D:8      | Found a broken altar of Ashenzari.
 12492 | D:8      | Found an ornate altar of the Wu Jian Council.
 12493 | D:8      | Found a blossoming altar of Fedhas.
 12497 | D:8      | Found a white marble altar of Elyvilon.
 12629 | Lair:1   | Entered Level 1 of the Lair of Beasts
 12875 | Lair:1   | Reached skill level 5 in Staves
 13143 | Lair:1   | Noticed a cane toad
 13150 | Lair:1   | Reached XP level 11. HP: 96/96 MP: 15/17
 13206 | Lair:1   | Noticed a six-headed hydra
 13212 | Lair:1   | Killed a six-headed hydra
 13434 | Lair:1   | Reached skill level 5 in Evocations
 13959 | Lair:1   | Noticed a six-headed hydra
 13965 | Lair:1   | Killed a six-headed hydra
 14485 | Lair:2   | Reached skill level 11 in Earth Magic
 14571 | Lair:2   | Noticed a seven-headed hydra
 14584 | Lair:2   | Killed a seven-headed hydra
 14906 | Lair:2   | Reached **** piety under Zin
 15072 | Lair:2   | Reached skill level 12 in Earth Magic
 15232 | Lair:2   | Noticed an eight-headed hydra
 15241 | Lair:2   | Killed an eight-headed hydra
 15677 | Lair:2   | Found a staircase to the Shoals.
 16246 | Lair:2   | Reached XP level 12. HP: 104/104 MP: 8/18
 16640 | Lair:3   | Reached skill level 13 in Earth Magic
 17105 | Lair:3   | Found a runed translucent door.
 17108 | Lair:3   | Noticed Froggeryz's ghost (journeyman DsIE)
 18394 | Lair:4   | Reached ***** piety under Zin
 18527 | Lair:4   | Found a hole to the Spider Nest.
 18664 | Lair:4   | Reached skill level 14 in Earth Magic
 19945 | Lair:5   | Found a runed translucent gate.
 19945 | Lair:5   | Found a runed translucent gate.
 19945 | Lair:5   | Noticed a 13-headed hydra
 19945 | Lair:5   | Noticed Berchol's ghost (journeyman DgCj)
 19946 | Lair:5   | Found a runed translucent gate.
 19946 | Lair:5   | Noticed a ten-headed hydra
 19969 | Lair:5   | Found a frozen archway.
 19987 | IceCv    | Entered an ice cave
 20309 | IceCv    | Reached skill level 15 in Earth Magic
 20441 | IceCv    | Reached XP level 13. HP: 111/111 MP: 9/19
 21165 | IceCv    | Reached skill level 5 in Fighting
 21569 | IceCv    | Noticed a frost giant
 21587 | IceCv    | Killed a frost giant
 21601 | IceCv    | Slain by a polar bear

Illustrated notes

Levels and vault maps discovered:
D:1:      roderic_crossed_star, layout_basic, serial_shops, shop_fountains
D:2:      layout_loops_corners, hellmonk_ecumenical_altar_dog_temple,
          serial_shops, nicolae_shop_stone, minmay_ruptured, uniq_sigmund
D:3:      layout_basic, cheibrodos_sewer_entry_bend, dk_noncrumbling_3
D:4:      layout_basic, serial_shops, shop
D:5:      layout_loops_corners, lemuel_round_altar, minmay_temple_entry_trees,
          uniq_blork_the_orc, uniq_pikel, uniq_ijyb, uniq_grinder,
          uniq_menkaure, uniq_edmund, uniq_duvessa
D:6:      layout_gridville
D:7:      layout_basic, nicolae_ru_the_path_less_chosen
D:8:      layout_loops_cross, minitemple, lair_entry_dummy
Temple:   minmay_temple_bridge_abc
Lair:1:   layout_gridlike, serial_bayou_pond_a
Lair:2:   layout_cave_pods, elwin_shoals_entry_rooms,
          hangedman_lair_unloving_vines, lemuel_old_faithful
Lair:3:   layout_layer_cave, ebering_ghost_inner_flame,
          chequers_serial_rivers_small_b, hibernation_bobbens,
          grunt_megastairs_4
Lair:4:   layout_misc_corridors, spider_nest_entry_rubble,
          chequers_serial_rivers_large_b, gammafunk_lair_bear_cave
Lair:5:   layout_roguey, gammafunk_ghost_hydra_chop,
          portal_ice_cave_entry_ice_beasts
IceCv:    ice_cave_small_giant

Skill      XL: |  1  2  3  4  5  6  7  8  9 10 11 12 13 |
---------------+----------------------------------------+-----
Earth Magic    | 3 5 7 9 10 12 15 | 15.0
Spellcasting   | 1 2 3 4 |  4.0
Conjurations   | 2 4 6 7 8 |  8.1
Staves         | 2 5 6 7 |  7.6
Evocations     | 1 4 5 |  5.0
Fighting       | 3 6 |  6.5
Axes           | |  2.0
Throwing       | |  1.0
Dodging        | |  1.0
Stealth        | |  1.0

Action                   |  1- 3 |  4- 6 |  7- 9 | 10-12 | 13-15 || total
-------------------------+-------+-------+-------+-------+-------++-------
Melee: Hand axe          |    90 |    42 |       |       |       ||   132
       Long sword        |       |   128 |   137 |    13 |       ||   278
       Staff             |       |       |    24 |   270 |    29 ||   323
Throw: Dart              |       |       |     2 |       |       ||     2
       Stone             |       |       |     1 |       |       ||     1
 Cast: Sandblast         |    23 |    39 |    71 |    87 |    11 ||   231
       Stone Arrow       |       |       |    22 |    93 |    24 ||   139
       Lee's Rapid Decon |       |       |       |    23 |     8 ||    31
Invok: Recite            |       |       |       |     3 |       ||     3
Evoke: Wand              |       |       |       |    10 |     5 ||    15
  Use: Scroll            |       |     4 |    12 |    10 |       ||    26
       Potion            |       |     1 |     5 |     4 |     3 ||    13
 Stab: Sleeping          |     1 |       |     1 |     1 |       ||     3
Armor: Robe              |    22 |    92 |   109 |   173 |    28 ||   424
Dodge: Dodged            |    55 |    97 |   108 |   182 |    18 ||   460
       Rpst.: Long sword |       |    22 |    33 |     1 |       ||    56

Table legend: (Time is in decaauts)
 A = Elapsed time spent in this place.
 B = Non-inter-level travel time spent in this place.
 C = Inter-level travel time spent in this place.
 D = Time resting spent in this place.
 E = Time spent auto-exploring this place.
 F = Levels seen in this place.
 G = Mean time per level.
                   A        B        C        D        E       F      G
               +--------+--------+--------+--------+--------+-----+--------+
         Total |  21846 |  21330 |    516 |   6259 |  11748 |  16 | 1365.4 |
       Dungeon |  11886 |  11535 |    351 |   2869 |   6952 |   8 | 1485.8 |
        Temple |    116 |     82 |     34 |      0 |     38 |   1 |  116.0 |
          Lair |   7404 |   7274 |    130 |   2040 |   4414 |   5 | 1480.8 |
         Sewer |    836 |    836 |      0 |    287 |     37 |   1 |  836.0 |
      Ice Cave |   1602 |   1602 |      0 |   1063 |    307 |   1 | 1602.0 |
               +--------+--------+--------+--------+--------+-----+--------+

Top non-repeatable levels by time:
  Lair:2: 2088 daAuts
     D:5: 2087 daAuts
  Lair:1: 1816 daAuts
     D:2: 1774 daAuts
  Lair:4: 1662 daAuts
  Lair:3: 1628 daAuts
   IceCv: 1602 daAuts
     D:1: 1597 daAuts
     D:6: 1545 daAuts
     D:7: 1388 daAuts
     D:4: 1295 daAuts
     D:8: 1289 daAuts
     D:3: 907 daAuts
   Sewer: 836 daAuts
  Lair:5: 208 daAuts
